 Dungeon Crawl Stone Soup version 0.29.1-13-g9f3cf754e1 (webtiles) character file.

Game seed: 15116690162770876933

32756 theswoord the Marksdemonspawn (level 13, -8/92 HPs)
             Began as a Demonspawn Hunter on Jan 26, 2023.
             Was the Champion of Okawaru.
             Mangled by a white very ugly thing (13 damage)
             ... on level 3 of the Abyss.
             The game lasted 00:45:50 (19491 turns).

theswoord the Marksdemonspawn (Demonspawn Hunter)  Turns: 19491, Time: 00:45:51

Health: -8/92      AC: 25    Str: 16    XL:     13   Next: 33%
Magic:  21/21      EV:  7    Int: 15    God:    Okawaru [******]
Gold:   585        SH:  0    Dex: 17    Spells: 12/12 levels left

rFire   . . .      SeeInvis +   u - +3 arbalest (flame)
rCold   + + .      Faith    +   (shield currently unavailable)
rNeg    . . .      Spirit   .   W - +5 chain mail of Crawling {rElec rC+}
rPois   .          Reflect  .   (helmet restricted)
rElec   +          Harm     .   I - +2 cloak
rCorr   .          Rampage  .   i - +1 pair of gloves
Will    .....                   l - +0 pair of boots
Stlth   ..........              L - amulet of faith
HPRegen 1.05/turn               e - ring of protection from cold
MPRegen 0.17/turn               k - +4 ring of protection

@: mighty, unable to read
A: antennae 2, foul stench 3, powered by pain 1, big brain 2, talons 1, see
invisible, frail 1, regeneration 1, inability to read after injury 1
a: Renounce Religion, Heroism, Finesse, Duel


You were on level 3 of the Abyss.
You worshipped Okawaru.
Okawaru was exalted by your worship.
You visited 2 branches of the dungeon, and saw 15 of its levels.
You visited the Abyss 1 time.
You also visited: Ossuary.

You collected 917 gold pieces.
You spent 332 gold pieces at shops.

Inventory:

Hand Weapons
 a - a +0 shortbow
 d - a +2 spear of flaming
 u - a +3 arbalest of flaming (weapon)
 z - a +5 demon whip of pain
Armour
 c - a +0 leather armour
 f - a +0 scale mail
 i - a +1 pair of gloves (worn)
 l - a +0 pair of boots (worn)
 n - a +0 helmet of see invisible
 E - a +0 cloak
 H - a +2 cloak of stealth
 I - a +2 cloak (worn)
 N - a +0 troll leather armour
 O - +0 swamp dragon scales
 R - the +6 chain mail "Cuniwuus" {rElec rF- rN+}
   (You bought it in a shop on level 11 of the Dungeon)

   rF:        It makes you vulnerable to fire.
   rElec:     It insulates you from electricity.
   rN:        It protects you from negative energy.
 W - the +5 chain mail of Crawling (worn) {rElec rC+}
   (Okawaru gifted it to you on level 3 of the Lair of Beasts)

   rC:        It protects you from cold.
   rElec:     It insulates you from electricity.
Jewellery
 e - a ring of protection from cold (left hand)
 j - a ring of positive energy
 k - a +4 ring of protection (right hand)
 t - a ring of willpower
 v - an amulet of guardian spirit
 L - an amulet of faith (around neck)
 M - a ring of poison resistance
 Q - a ring of fire
 U - a ring of resist corrosion
Wands
 o - a wand of iceblast (1)
 D - a wand of light (27)
 G - a wand of paralysis (14)
 P - a wand of digging (5)
Scrolls
 b - 4 scrolls of immolation
 g - 5 scrolls of enchant armour
 q - 2 scrolls of torment
 r - 2 scrolls of amnesia
 A - a scroll of butterflies
 K - 2 scrolls of blinking
 S - a scroll of vulnerability
 T - a scroll of enchant weapon
 V - a scroll of silence
Potions
 h - 4 potions of curing
 m - 5 potions of cancellation
 p - 4 potions of brilliance
 s - 2 potions of lignification
 w - a potion of attraction
 x - a potion of ambrosia
 B - 3 potions of mutation
 C - 3 potions of flight
 F - 3 potions of might
 J - 4 potions of degeneration


   Skills:
 + Level 10.2 Fighting
 + Level 4.3 Maces & Flails
 - Level 16.0 Ranged Weapons
 + Level 4.2 Armour
 - Level 1.7 Dodging
 - Level 0.8 Stealth
 - Level 5.0 Necromancy
 - Level 11.1 Invocations


You had 12 spell levels left.
You didn't know any spells.
Your spell library was empty.

Dungeon Overview and Level Annotations

Branches:
Dungeon (11/15)            Temple (0/1) D:6            Lair (4/5) D:11
 Shoals (0/4) Lair:2       Spider (0/4) Lair:3      Ossuary (visited)
  Slime: Lair:4-5       Orc: D:9-12

Altars:
Ashenzari
Kikubaaqudgha
Okawaru
Trog
Uskayaw
Yredelemnul
Jiyva

Shops:
D:1 ?   D:3 =   D:9 :   D:11 [[(

Annotations:
D:2 1 runed translucent door, Crazy Yiuf
D:3 3 runed translucent doors, theswoord's ghost, amateur DsGl
D:8 2 transporters, shugdite's ghost, novice MiFi
D:10 3 runed translucent doors, Pegasus's ghost, journeyman TeGl; Poussin's ghost, journeyman PaBe; p0werm0de's ghost, novice PaIE
D:11 3 runed translucent doors, Sapher's ghost, novice BaEE
Lair:3 Nefuv's ghost, journeyman MiBe
Lair:4 exclusion: oklob plant


Innate Abilities, Weirdness & Mutations

You have a pair of antennae on your head.
You frequently emit foul miasma when damaged in melee.
You sometimes gain a little power by taking damage.
You have an extremely huge brain. (Int +4)
You have sharp toenails.
You have supernaturally acute eyesight. (SInv)
You are frail. (-10% HP)
Your natural rate of healing is unusually fast.
You occasionally lose the ability to read scrolls when taking damage.


Message History

The abyssal matter surrounding you shimmers strangely.
You detect the abyssal rune!
A white very ugly thing comes into view.
The white very ugly thing gurgles horribly!
Okay, then.
The white very ugly thing attacks as you move away!
The white very ugly thing claws you.
* * * LOW HITPOINT WARNING * * *
The white very ugly thing freezes you. You resist.
* * * LOW HITPOINT WARNING * * *
The white very ugly thing claws you.
* * * LOW HITPOINT WARNING * * *
The white very ugly thing freezes you! You resist.
* * * LOW HITPOINT WARNING * * *
You focus on the pain.
You feel very mighty all of a sudden.
You emit a cloud of foul miasma!
You shoot a bolt.
The bolt closely misses the white very ugly thing.
The white very ugly thing is engulfed in dark miasma.
The white very ugly thing is poisoned.
The white very ugly thing seems to slow down.
The white very ugly thing claws you but does no damage.
You shoot a bolt.
The bolt hits the white very ugly thing!!
The bolt burns the white very ugly thing!
The white very ugly thing is moderately wounded.
The white very ugly thing is engulfed in dark miasma.
The white very ugly thing looks even sicker.
The white very ugly thing barely misses you.
You shoot a bolt.
The bolt hits the white very ugly thing but does no damage.
The white very ugly thing is heavily wounded.
The white very ugly thing is engulfed in dark miasma.
The white very ugly thing looks even sicker.
The white very ugly thing claws you!
You feel threatened and lose the ability to read scrolls!
* * * LOW HITPOINT WARNING * * *
The white very ugly thing freezes you! You resist.
You die...

.#. .# #.####
#..###
.....##
#.....##.#.#.
#....#.....#
#.#..#....#
#.....#..#..#
#.#u.....#
#.@###..#..#
#......# ..#
##...#.. ...
#.....### .##
#..## . .. #.
.. . . .. #..


You could see a white very ugly thing (very poisoned, slow).

Vanquished Creatures
  A minotaur (Lair:4)
  The ghost of Yolobob the Nimble, a journeyman DEFE of Jiyva (Lair:4)
  4 hydras
  A boulder beetle (D:11)
  2 two-headed ogres (D:9)
  A death yak (Lair:3)
  A thrashing horror (Abyss:3)
  Pikel (D:8)
  4 elephants (D:11)
  2 manticores
  Maurice (D:9)
  A black mamba (Lair:4)
  A gargoyle (D:11)
  8 cane toads
  A torpor snail (Lair:3)
  2 kobold demonologists (D:11)
  Maggie (D:10)
  Psyche (D:10)
  A rime drake (Lair:3)
  6 komodo dragons
  An unseen horror (D:11)
  5 trolls
  2 polar bears (Lair:4)
  13 blink frogs
  A wind drake (Lair:2)
  A dream sheep (Lair:4)
  Sigmund (D:2)
  A shadow (D:11)
  A wyvern (D:8)
  5 wraiths
  A neqoxec (Abyss:3)
  14 yaks
  4 vampire mosquitoes (D:11)
  A steam dragon (D:7)
  9 water moccasins
  4 orc warriors
  3 sky beasts
  3 ogres
  A starcursed mass (Abyss:3)
  2 black bears (D:5)
  17 wolves
  2 lemures (D:8)
  12 centaurs
  2 phantoms (D:5)
  6 elf zombies (Ossuary)
  5 kobold brigands
  An earth elemental (Abyss:3)
  3 gnoll sergeants
  A necrophage (D:7)
  12 bullfrogs
  5 scorpions
  8 wights
  3 killer bees (D:10)
  3 electric eels (Lair:3)
  2 howler monkeys
  3 human zombies (Ossuary)
  3 centaur zombies (Ossuary)
  2 jellies
  4 hounds
  4 orc priests
  7 orc wizards
  5 iguanas
  3 mummies (Ossuary)
  Robin (D:2)
  9 adders
  18 gnolls
  4 worms
  A dart slug (D:2)
  13 orcs
  10 ball pythons
  6 bats
  6 endoplasms
  6 giant cockroaches
  9 hobgoblins
  24 kobolds
  2 quokkas (D:1)
  4 frilled lizards
  10 goblins
  7 rats
357 creatures vanquished.

Vanquished Creatures (others)
  A kobold (D:9)
  4 fungi
  13 plants
18 creatures vanquished.

Grand Total: 375 creatures vanquished

Notes
Turn   | Place    | Note
-------+----------+-------------------------------------------
     0 | D:1      | theswoord the Demonspawn Hunter began the quest for the
                  | Orb.
     0 | D:1      | Reached XP level 1. HP: 16/16 MP: 1/1
   118 | D:1      | Reached skill level 4 in Ranged Weapons
   130 | D:1      | Gained mutation: You have an unusually large brain. (Int
                  | +2) [demonic ancestry]
   130 | D:1      | Reached XP level 2. HP: 19/22 MP: 2/2
   339 | D:1      | Reached XP level 3. HP: 27/27 MP: 3/3
   522 | D:1      | Found Curulik's Magic Scroll Emporium.
   607 | D:2      | Noticed Robin
   644 | D:2      | Killed Robin
   645 | D:2      | Reached skill level 5 in Ranged Weapons
   743 | D:2      | Gained mutation: You may rarely emit foul miasma when
                  | damaged in melee. [demonic ancestry]
   743 | D:2      | Reached XP level 4. HP: 31/33 MP: 4/4
   816 | D:2      | Noticed Sigmund
   831 | D:2      | Killed Sigmund
   832 | D:2      | Reached skill level 6 in Ranged Weapons
   832 | D:2      | Gained mutation: You have a pair of small antennae on your
                  | head. [demonic ancestry]
   832 | D:2      | Reached XP level 5. HP: 15/38 MP: 5/5
  1248 | D:2      | Found a runed translucent door.
  1249 | D:2      | Noticed Crazy Yiuf
  1595 | D:3      | Gained mutation: You sometimes emit foul miasma when
                  | damaged in melee. [demonic ancestry]
  1595 | D:3      | Reached XP level 6. HP: 44/44 MP: 6/6
  1626 | D:3      | Found a runed translucent gate.
  1626 | D:3      | Found a runed translucent gate.
  1627 | D:3      | Found a runed translucent gate.
  1630 | D:3      | Noticed theswoord's ghost (amateur DsGl)
  1775 | D:3      | Found an ancient bone altar of Kikubaaqudgha.
  1923 | D:3      | Found Ytaeng's Jewellery Boutique.
  2612 | D:4      | Found an iron altar of Okawaru.
  2633 | D:4      | Became a worshipper of Warmaster Okawaru
  2655 | D:4      | Reached skill level 7 in Ranged Weapons
  2662 | D:4      | Found a hide-covered altar of Uskayaw.
  2865 | D:4      | Found a sand-covered staircase.
  2875 | Ossuary  | Entered an ossuary
  2925 | Ossuary  | Gained mutation: You sometimes gain a little power by
                  | taking damage. [demonic ancestry]
  2925 | Ossuary  | Reached XP level 7. HP: 10/50 MP: 7/7
  2929 | Ossuary  | HP: 1/50 [elf zombie (5)]
  2953 | Ossuary  | Reached * piety under Okawaru
  2954 | Ossuary  | Reached skill level 8 in Ranged Weapons
  3377 | Ossuary  | Reached skill level 9 in Ranged Weapons
  3495 | Ossuary  | Reached ** piety under Okawaru
  3510 | Ossuary  | Reached XP level 8. HP: 38/56 MP: 8/8
  4085 | D:5      | Entered Level 5 of the Dungeon
  4178 | D:5      | Reached skill level 10 in Ranged Weapons
  4872 | D:5      | Reached *** piety under Okawaru
  4981 | D:5      | Reached skill level 11 in Ranged Weapons
  5478 | D:6      | Gained mutation: You have a pair of antennae on your head.
                  | [demonic ancestry]
  5478 | D:6      | Reached XP level 9. HP: 61/61 MP: 9/9
  5694 | D:6      | Reached skill level 1 in Invocations
  5852 | D:6      | Found a bloodstained altar of Trog.
  6810 | D:6      | Found a staircase to the Ecumenical Temple.
  7487 | D:7      | Reached skill level 12 in Ranged Weapons
  7762 | D:7      | Reached **** piety under Okawaru
  9761 | D:8      | Reached skill level 5 in Invocations
  9767 | D:8      | Gained mutation: You have an extremely huge brain. (Int +4)
                  | [demonic ancestry]
  9767 | D:8      | Reached XP level 10. HP: 34/73 MP: 10/13
  9773 | D:8      | Noticed shugdite's ghost (novice MiFi)
  9956 | D:8      | Found a transporter.
  9959 | D:8      | Found a transporter.
 10092 | D:8      | Noticed Pikel
 10102 | D:8      | Killed Pikel
 10102 | D:8      | Reached ***** piety under Okawaru
 10621 | D:9      | Gained mutation: Your natural rate of healing is unusually
                  | fast. [potion of mutation]
 10621 | D:9      | Gained mutation: You have sharp toenails. [potion of
                  | mutation]
 10621 | D:9      | Gained mutation: You have supernaturally acute eyesight.
                  | (SInv) [potion of mutation]
 10698 | D:9      | Noticed a two-headed ogre
 10713 | D:9      | Killed a two-headed ogre
 10714 | D:9      | Reached skill level 5 in Fighting
 10714 | D:9      | Reached skill level 13 in Ranged Weapons
 10714 | D:9      | Reached skill level 1 in Necromancy
 10790 | D:9      | Noticed Maurice
 10812 | D:9      | Killed Maurice
 10812 | D:9      | Received a gift from Okawaru
 11284 | D:9      | Found Wubbat's Self-Improvement Boutique.
 11290 | D:9      | Found a basalt altar of Yredelemnul.
 11415 | D:9      | Noticed a seven-headed hydra
 11788 | D:10     | Entered Level 10 of the Dungeon
 11940 | D:10     | Noticed Maggie
 11963 | D:10     | Killed Maggie
 12044 | D:10     | Gained mutation: You frequently emit foul miasma when
                  | damaged in melee. [demonic ancestry]
 12044 | D:10     | Reached XP level 11. HP: 81/81 MP: 16/16
 12165 | D:10     | Found a runed translucent gate.
 12165 | D:10     | Found a runed translucent gate.
 12166 | D:10     | Found a runed translucent gate.
 12167 | D:10     | Noticed Poussin's ghost (journeyman PaBe)
 12167 | D:10     | Noticed Pegasus's ghost (journeyman TeGl)
 12167 | D:10     | Noticed p0werm0de's ghost (novice PaIE)
 12218 | D:10     | Noticed Psyche
 12228 | D:10     | Killed Psyche
 12368 | D:10     | Noticed a seven-headed hydra
 12383 | D:10     | Killed a seven-headed hydra
 12469 | D:10     | Noticed a two-headed ogre
 12490 | D:9      | Killed a two-headed ogre
 12490 | D:9      | Reached ****** piety under Okawaru
 12490 | D:9      | Identified the +1 chain mail "Amefaod" {rElec Int+2}
                  | (Okawaru gifted it to you on level 9 of the Dungeon)
 12490 | D:9      | Received a gift from Okawaru
 12854 | D:11     | Found a staircase to the Lair.
 12918 | D:11     | Reached skill level 14 in Ranged Weapons
 13088 | D:11     | Reached skill level 5 in Necromancy
 13167 | D:11     | Identified the +1 quarterstaff of Quantum Leap {holy, MP+9}
 13183 | D:11     | Found Zeh Lot's Antique Armour Shoppe.
 13197 | D:11     | Found Ogass's Antique Armour Shop.
 13216 | D:11     | Bought a transparent chain mail for 332 gold pieces
 13216 | D:11     | Identified the +6 chain mail "Cuniwuus" {rElec rF- rN+}
                  | (You bought it in a shop on level 11 of the Dungeon)
 13293 | D:11     | Found a runed translucent gate.
 13294 | D:11     | Found a runed translucent gate.
 13295 | D:11     | Found a runed translucent gate.
 13409 | D:11     | Noticed a boulder beetle
 13431 | D:11     | HP: 2/83 [boulder beetle (21)]
 13434 | D:11     | Killed a boulder beetle
 13519 | D:11     | Found Bimpiuf's Antique Weapon Shoppe.
 13744 | D:11     | Noticed a six-headed hydra
 13882 | D:10     | Killed a six-headed hydra
 14220 | D:11     | Found a viscous altar of Jiyva.
 14220 | D:11     | Noticed Sapher's ghost (novice BaEE)
 14229 | Lair:1   | Entered Level 1 of the Lair of Beasts
 14477 | D:11     | Reached XP level 12. HP: 83/92 MP: 19/19
 14519 | D:11     | Identified the +4 kite shield of Conscience {Regen+}
                  | (Okawaru gifted it to you on level 11 of the Dungeon)
 14519 | D:11     | Received a gift from Okawaru
 14780 | Lair:1   | Reached skill level 15 in Ranged Weapons
 14788 | Lair:1   | Reached skill level 10 in Invocations
 15302 | Lair:2   | Noticed a five-headed hydra
 15302 | Lair:2   | Found a staircase to the Shoals.
 15323 | Lair:1   | Killed a five-headed hydra
 15752 | Lair:2   | Found a broken altar of Ashenzari.
 16772 | Lair:3   | Noticed a death yak
 16829 | Lair:3   | Killed a death yak
 17051 | Lair:3   | Reached skill level 1 in Maces & Flails
 17051 | Lair:3   | Reached skill level 1 in Armour
 17086 | Lair:3   | Found a hole to the Spider Nest.
 17114 | Lair:3   | Found a runed translucent gate.
 17115 | Lair:3   | Found a runed translucent gate.
 17146 | Lair:3   | Found a runed translucent gate.
 17152 | Lair:3   | Noticed Nefuv's ghost (journeyman MiBe)
 17166 | Lair:3   | Identified the +5 chain mail of Crawling {rElec rC+}
                  | (Okawaru gifted it to you on level 3 of the Lair of Beasts)
 17166 | Lair:3   | Received a gift from Okawaru
 17349 | Lair:3   | You fall into a shaft and drop 1 floor!
 17367 | Lair:4   | Reached skill level 16 in Ranged Weapons
 17666 | Lair:4   | HP: 4/96 [cane toad (12)]
 17859 | Lair:4   | Reached XP level 13. HP: 99/101 MP: 21/21
 18131 | Lair:4   | Noticed a minotaur
 18131 | Lair:4   | Noticed Yolobob's ghost (journeyman DEFE)
 18301 | Lair:4   | Found a runed translucent gate.
 18301 | Lair:4   | Found a runed translucent gate.
 18301 | Lair:4   | Found a runed translucent gate.
 18569 | Lair:4   | Killed Yolobob's ghost
 18601 | Lair:4   | Killed a minotaur
 18987 | Lair:3   | Reached skill level 10 in Fighting
 19075 | Abyss:2  | Cast into level 2 of the Abyss (Nefuv's ghost)
 19078 | Abyss:2  | Found a corrupted altar of Lugonu.
 19215 | Abyss:3  | Received a gift from Okawaru
 19225 | Abyss:3  | Noticed a starcursed mass
 19337 | Abyss:3  | Gained mutation: You occasionally lose the ability to read
                  | scrolls when taking damage. [a neqoxec]
 19346 | Abyss:3  | Gained mutation: You are frail. (-10% HP) [a neqoxec]
 19393 | Abyss:3  | Noticed a revenant
 19421 | Abyss:3  | Found a corrupted altar of Lugonu.
 19448 | Abyss:3  | Found a corrupted altar of Lugonu.
 19486 | Abyss:3  | Noticed a white very ugly thing
 19491 | Abyss:3  | Mangled by a white very ugly thing

Skill      XL: |  1  2  3  4  5  6  7  8  9 10 11 12 13 |
---------------+----------------------------------------+-----
Ranged Weapons | 4 5 6 7 9 11 12 13 14 16 | 16.0
Invocations    | 5 7 9 11 | 11.1
Fighting       | 4 6 7 9 10 | 10.2
Necromancy     | 3 5 |  5.0
Maces & Flails | 2 4 |  4.3
Armour         | 2 4 |  4.2
Dodging        | |  1.7
Stealth        | |  0.8

Action                   |  1- 3 |  4- 6 |  7- 9 | 10-12 | 13-15 || total
-------------------------+-------+-------+-------+-------+-------++-------
Melee: Spear             |    21 |    51 |   213 |       |       ||   285
       Punch             |       |       |     8 |     1 |     2 ||    11
       Demon whip        |       |       |       |   188 |   178 ||   366
 Fire: Shortbow          |    73 |   115 |   462 |  1072 |     6 ||  1728
       Arbalest          |       |       |       |       |     9 ||     9
Invok: Heroism           |       |       |       |     3 |     3 ||     6
       Finesse           |       |       |       |       |     1 ||     1
Evoke: Wand              |       |       |       |     7 |       ||     7
  Use: Scroll            |       |     9 |     5 |    12 |     4 ||    30
       Potion            |       |       |     6 |     9 |     4 ||    19
 Stab: Invisible         |       |       |       |     1 |       ||     1
Armor: Leather armour    |    15 |    13 |       |       |       ||    28
       Scale mail        |       |    33 |   330 |    99 |       ||   462
       Swamp dragon scal |       |       |       |   372 |    51 ||   423
       Troll leather arm |       |       |       |     5 |       ||     5
       Chain mail        |       |       |       |       |   122 ||   122
Dodge: Dodged            |    40 |    52 |   253 |   460 |    88 ||   893

Levels and vault maps discovered:
D:1:      minmay_arrival_split_and_join, layout_rooms, serial_shops, shop
D:2:      layout_rooms, hangedman_decor_points, uniq_sigmund,
          uniq_crazy_yiuf_cottage, uniq_robin
D:3:      layout_loops_corners, kiku_gazebo_garden_becter, serial_shops,
          nicolae_shop_behind_doors, gammafunk_ghost_necromancy, st_stairs_8,
          minmay_increasing_density
D:4:      layout_basic, marbit_many_paths, lemuel_round_altar,
          chequers_ossuary_entry_cave
D:5:      layout_basic, zin_academy
D:6:      layout_basic, lemuel_tele_altar, minmay_temple_entry_from_below_a
D:7:      layout_gridville, mainiacjoe_overflow_alcove_4
D:8:      layout_basic, gammafunk_ghost_arena, minmay_misc_feat_tiny, uniq_pikel
D:9:      layout_roguey, lemuel_doored_altar, nicolae_shop_self_help,
          uniq_maurice
D:10:     layout_long_grid, gammafunk_ghost_cemetery, kennysheep_generic_room_3,
          uniq_maggie, uniq_psyche
D:11:     minmay_clustersquares, layout_small_grid, lair_entry_dummy,
          serial_shops, nicolae_shop_window_shopping, shop,
          nicolae_shop_advertising_works [nicolae_subvault_shop_adworks],
          gammafunk_ghost_ooze
Lair:1:   layout_concentric_octagons
Lair:2:   layout_regular_city, minmay_shoals_entry_beasts, lemuel_centaur_altar
Lair:3:   layout_long_grid, nicolae_spider_entry_non_spiders,
          gammafunk_ghost_split, serial_bayou_shore_a
Lair:4:   layout_hall_layers, maelrawn_ghost_gauntlet_escape, st_stairs_13,
          grunt_megastairs_5
Abyss:3:  base: D:7, evilmike_abyss_exit_13, nicolae_abyss_rune_star_stuff,
          minivault_22, hangedman_abyss_overflow_altar,
          hangedman_abyss_or_decor_passed,
          dshaligram_kb_abyss_rune_zappy_water_cross
